Construct Section Command Post
Selects Air and Sea Battlegroup
Construct Platoon Command Post
Unlock M3 Stuart Light Tanks
6-pounder Anti-tank Gun Team
Selects Commando Section Paradrop
Selects Commando Support Section Paradrop
Construct Company Command Post
Unlock Bishop Self-propelled Artillery
6-pounder Anti-tank Gun Team
Bishop Self-propelled Artillery
Commando Support Section Paradrop
Selects Anti-tank Rocket Loiter
Unlock M3 Grant Medium Tanks
Bishop Self-propelled Artillery
Bishop Self-propelled Artillery